 Dungeon Crawl Stone Soup version 0.30.1-11-g7821555f0a (webtiles) character file.

Game seed: 5979502592629881710

1978 KittyFluff the Covered (level 9, 0/55 HPs)
             Began as a Gargoyle Berserker on Nov 11, 2023.
             Was an Elder of Trog.
             Slain by a wight
             ... wielding a +0 great sword
              (9 damage)
             ... on level 7 of the Dungeon.
             The game lasted 00:25:30 (6251 turns).

KittyFluff the Covered (Gargoyle Berserker)         Turns: 6251, Time: 00:25:30

Health: 0/55       AC: 12    Str: 25    XL:     9   Next: 20%
Magic:  9/9        EV: 12    Int:  8    God:    Trog [****..]
Gold:   211        SH:  4    Dex:  9    Spells: 8/8 levels left

rFire   . . .        z - +1 whip (vamp)
rCold   . . .        G - +0 buckler
rNeg    + . .        A - +1 robe {Will+}
rPois   ∞            (no helmet)
rElec   +            s - +0 cloak
rCorr   .            (no gloves)
SInv    .            y - +0 pair of boots
Will    +....        (no amulet)
Stlth   ++           (no ring)
HPRegen 0.29/turn    (no ring)
MPRegen 0.11/turn

%: no passive effects
@: no status effects
A: sickness immunity, AC +6, negative energy resistance 1, electricity
resistance, torment resistance 1, petrification resistance
a: Renounce Religion, Berserk, Trog's Hand, Brothers in Arms


You were on level 7 of the Dungeon.
You worshipped Trog.
Trog was greatly pleased with you.
You visited 1 branch of the dungeon, and saw 7 of its levels.

You collected 211 gold pieces.

Inventory:

Hand Weapons
 a - a +0 mace
 d - a +0 great mace
 w - a +0 morningstar
 z - a +1 vampiric whip (weapon)
Missiles
 o - 33 poisoned darts (quivered)
 H - 6 curare-tipped darts
Armour
 s - a +0 cloak (worn)
 y - a +0 pair of boots (worn)
 A - a +1 robe of willpower (worn)
 C - a scarf of shadows
 D - a +0 leather armour
 G - a +0 buckler (worn)
Jewellery
 b - an amulet of faith
Wands
 u - a wand of charming (4)
 F - a wand of flame (29)
Scrolls
 f - a scroll of enchant armour {unknown}
 g - a scroll of brand weapon {unknown}
 h - a scroll of immolation {unknown}
 i - 2 scrolls of fog {unknown}
 k - 2 scrolls of amnesia {unknown}
 n - a scroll of butterflies {unknown}
 p - 2 scrolls of fear {unknown}
 q - a scroll of enchant weapon {unknown}
 r - a scroll of noise {unknown}
 t - a scroll of magic mapping {unknown}
 x - a scroll of poison {unknown}
 B - a scroll of torment {unknown}
Potions
 c - a potion of lignification
 e - a potion of curing
 j - a potion of flight
 l - 3 potions of resistance
 m - a potion of invisibility
 v - a potion of berserk rage
 E - a potion of haste


   Skills:
 + Level 5.6 Fighting
 * Level 6.9 Maces & Flails
 * Level 7.0 Armour
 + Level 3.8 Dodging
 + Level 4.7 Stealth
 + Level 2.6 Shields


You had 8 spell levels left.
You didn't know any spells.
Your spell library was empty.

Dungeon Overview and Level Annotations

Branches:
Dungeon (7/15)             Temple (0/1) D:5

Altars:
Sif Muna
The Shining One

Shops:
D:1 !


Innate Abilities, Weirdness & Mutations

You are immune to sickness and miasma.
Your stone body is resilient. (AC +6)
You are immune to poison.
You resist negative energy. (rN+)
You are resistant to electric shocks. (rElec)
You are resistant to unholy torment.
You are immune to petrification.


Message History

You hit the wight.
The wight is severely damaged.
The wight completely misses you.
You hit the wight.
The wight is severely damaged.
The wight hits you with a +0 scimitar.
You barely miss the wight.
The wight is severely damaged.
The wight misses you.
You hit the wight.
The wight is almost destroyed.
The wight hits you but does no damage.
You hit the wight.
You destroy the wight!
Trog accepts your kill.
You barely miss the wight. You hit the wight but do no damage.
The wight hits you with a +0 great sword.
You hit the wight.
The wight is lightly damaged.
The wight barely misses you.
You closely miss the wight.
The wight is lightly damaged.
The wight hits you with a +0 great sword.
You closely miss the wight.
The wight is lightly damaged.
You hit the wight but do no damage.
The wight is lightly damaged.
The wight closely misses you.
You whack the wight!
The wight is moderately damaged.
The wight hits you with a +0 great sword!
You closely miss the wight.
The wight is moderately damaged.
The wight hits you with a +0 great sword!
* * * LOW HITPOINT WARNING * * *
You barely miss the wight.
The wight is moderately damaged.
The wight hits you with a +0 great sword!
You die...

#.# #.# ### #.# ..#
#.#+### #.# #......
#.##########......
#z##.......'......
#z##.#######......
##@##.#########....
#.............#....
#.............#.###
#.............#.###
#.[...........#....
#.............#####
##'##...........))#
#.##############)#
#.# #######)#


You could see 2 wights.

Vanquished Creatures
  Menkaure (D:6)
  3 water moccasins
  5 black bears
  An ice beast (D:7)
  A centaur (D:5)
  A phantom (D:4)
  2 kobold brigands
  A bullfrog (D:5)
  A scorpion (D:3)
  2 wights (D:7)
  A howler monkey (D:6)
  An electric eel (D:6)
  A hound (D:6)
  A jelly (D:6)
  An orc priest (D:6)
  A gnoll bouda (D:6)
  2 iguanas
  Ijyb (D:4)
  2 orc wizards
  4 gnolls (D:6)
  11 adders
  An ufetubus (D:5)
  A worm (D:4)
  4 dart slugs
  11 orcs
  2 endoplasms (D:4)
  3 giant cockroaches
  9 goblins
  7 hobgoblins
  2 jackals (D:1)
  13 kobolds
  6 quokkas
  9 ball pythons
  3 bats
  2 frilled lizards
  4 rats
121 creatures vanquished.

Notes
Turn   | Place    | Note
-------+----------+-------------------------------------------
     0 | D:1      | KittyFluff the Gargoyle Berserker began the quest for the
                  | Orb.
     0 | D:1      | Reached XP level 1. HP: 14/14 MP: 1/1
    24 | D:1      | Found Veampaf's Distillery.
   292 | D:1      | Reached XP level 2. HP: 11/19 MP: 2/2
   600 | D:1      | Reached ** piety under Trog
   626 | D:1      | Reached XP level 3. HP: 21/23 MP: 3/3
  1180 | D:2      | Reached skill level 3 in Armour
  1418 | D:2      | Reached skill level 1 in Stealth
  1472 | D:2      | Reached XP level 4. HP: 14/28 MP: 4/4
  1967 | D:3      | Found a shimmering blue altar of Sif Muna.
  1995 | D:3      | Found Tich's Antique Armour Emporium.
  2169 | D:3      | Noticed a scorpion
  2188 | D:3      | Killed a scorpion
  2189 | D:3      | Reached XP level 5. HP: 18/33 MP: 5/5
  2743 | D:4      | Noticed Ijyb
  2772 | D:4      | Killed Ijyb
  2884 | D:4      | Reached skill level 4 in Armour
  3166 | D:4      | Reached *** piety under Trog
  3167 | D:4      | Reached XP level 6. HP: 4/38 MP: 6/6
  3476 | D:5      | Entered Level 5 of the Dungeon
  3549 | D:5      | Noticed a water moccasin
  3568 | D:5      | Killed a water moccasin
  3569 | D:5      | Reached XP level 7. HP: 28/43 MP: 7/7
  3626 | D:5      | Found a staircase to the Ecumenical Temple.
  3814 | D:5      | Found a glowing golden altar of the Shining One.
  3941 | D:5      | Reached skill level 5 in Maces & Flails
  3948 | D:5      | Reached skill level 5 in Armour
  4395 | D:5      | Reached XP level 8. HP: 48/48 MP: 8/8
  4830 | D:6      | Reached skill level 5 in Fighting
  4956 | D:6      | Reached skill level 6 in Armour
  4956 | D:6      | Reached skill level 1 in Shields
  5704 | D:6      | Noticed Menkaure
  5735 | D:6      | HP: 1/73 [Menkaure (7)]
  5736 | D:6      | Killed Menkaure
  5779 | D:6      | Reached XP level 9. HP: 8/54 MP: 9/9
  6158 | D:7      | Reached skill level 7 in Armour
  6180 | D:7      | Reached **** piety under Trog
  6251 | D:7      | Slain by a wight

Illustrated notes

Levels and vault maps discovered:
D:1:      lightli_arrival_flooded_house, layout_loops_corners, serial_shops,
          shop, serial_forest, infiniplex_forest_zigzag_1,
          infiniplex_forest_clump_tiny, infiniplex_forest_lined_room_2,
          infiniplex_forest_straight_2, infiniplex_forest_corner_2,
          infiniplex_forest_clump_curved, infiniplex_forest_end_2,
          infiniplex_forest_clump_tiny
D:2:      layout_loops_corners
D:3:      layout_rooms, mainiacjoe_overflow_alcove_4, serial_shops,
          nicolae_shop_back_alley_shop, minmay_misc_feat_columns, st_stairs_11
D:4:      layout_loops_cross, uniq_ijyb
D:5:      layout_loops_ring, nicolae_tso_swordbearing_angel,
          minmay_temple_entry_sparse_star
D:6:      cheibrodos_helix_gallery, layout_basic, uniq_menkaure
D:7:      layout_basic, grunt_temple_overflow_gold_and_silver, enter_bailey_7,
          uniq_prince_ribbit1, uniq_joseph, uniq_duvessa

Skill      XL: |  1  2  3  4  5  6  7  8  9 |
---------------+----------------------------+-----
Armour         | 3 4 5 6 7 |  7.0
Stealth        | 1 2 3 4 |  4.7
Dodging        | 2 3 |  3.8
Maces & Flails | 4 5 6 |  6.9
Fighting       | 4 5 |  5.6
Shields        | 2 |  2.6

Action                     |  1- 3 |  4- 6 |  7- 9 || total
---------------------------+-------+-------+-------++-------
  Melee: Mace              |   102 |   218 |   240 ||   560
         Punch             |     1 |     1 |       ||     2
         Whip              |       |       |    92 ||    92
  Throw: Dart              |       |       |    13 ||    13
 Invoke: Berserk           |       |       |     1 ||     1
    Use: Scroll            |       |     7 |     3 ||    10
         Potion            |       |       |     4 ||     4
   Stab: Sleeping          |     1 |     1 |     2 ||     4
 Armour: Animal skin       |    48 |    81 |       ||   129
         Robe              |       |     5 |   158 ||   163
         Skin              |       |       |    26 ||    26
  Dodge: Dodged            |    70 |   125 |   204 ||   399
  Block: Buckler           |       |       |    48 ||    48
